 Dungeon Crawl Stone Soup version 0.21-a0-2-ge494091 (webtiles) character file.

4926 Angani the Thaumaturge (level 10, -1/69 HPs)
             Began as a Grey Draconian Conjurer on May 22, 2017.
             Was the Champion of Zin.
             Killed by divine providence
             ... invoked by a meliai
              (15 damage)
             ... on level 8 of the Dungeon.
             The game lasted 00:26:57 (9819 turns).

Angani the Thaumaturge (Grey Draconian Conjurer)    Turns: 9819, Time: 00:26:57

Health: -1/69      AC: 14    Str: 11    XL:     10   Next: 27%
Magic:  16/24      EV: 17    Int: 18    God:    Zin [******]
Gold:   520        SH:  0    Dex: 12    Spells: 12/29 levels left

rFire    . . .     SeeInvis +   G - +1 whip (elec)
rCold    . . .     Gourm    .   (no shield)
rNeg     . . .     Faith    .   (armour unavailable)
rPois    .         Spirit   .   (helmet restricted)
rElec    .         Reflect  .   v - +0 cloak (curse)
rCorr    .         Harm     .   (no gloves)
MR       .....                  l - +0 pair of boots
Stlth    ++........             f - amulet of regeneration
Regen    0.7/turn               k - +5 ring of evasion
MPRegen  0.2/turn               L - ring of see invisible

@: lethally poisoned (-1 -> -2)
A: walk through water, unfitting armour, unbreathing, cold-blooded, AC +12
a: Recite, Vitalisation, Imprison, Sanctuary, Donate Gold, Cure All Mutations,
Renounce Religion


You were on level 8 of the Dungeon.
You worshipped Zin.
Zin was exalted by your worship.
You were not hungry.

You visited 1 branch of the dungeon, and saw 8 of its levels.

You collected 577 gold pieces.
You donated 57 gold pieces to Zin.

Inventory:

Hand Weapons
 A - a +0 fustibalus
 G - a +1 whip of electrocution (weapon)
Missiles
 y - 29 sling bullets
 C - 142 stones (quivered)
Armour
 l - a +0 pair of boots (worn)
 v - a cursed +0 cloak (worn)
Jewellery
 e - an uncursed ring of fire
 f - an amulet of regeneration (around neck)
 k - a +5 ring of evasion (left hand)
 J - a cursed +5 amulet of reflection {unknown}
 L - a ring of see invisible (right hand)
Wands
 o - a wand of flame (4/48)
 M - a wand of paralysis (5/24)
Scrolls
 g - a scroll of recharging {unknown}
 h - 9 scrolls of remove curse {unknown}
 i - 7 scrolls of magic mapping {unknown}
 j - 3 scrolls of random uselessness {unknown}
 q - 2 scrolls of amnesia {unknown}
 r - 2 scrolls of enchant armour {unknown}
 t - a scroll of noise {unknown}
 u - 3 scrolls of enchant weapon {unknown}
Potions
 c - 2 potions of heal wounds {unknown}
 d - 5 potions of curing {unknown}
 m - 3 potions of mutation {unknown}
 n - a potion of degeneration {unknown}
 p - 2 potions of might {unknown}
 s - a potion of berserk rage {unknown}
 w - 2 potions of agility
 x - a potion of ambrosia {unknown}
 z - 3 potions of flight {unknown}
 E - 3 potions of brilliance
 F - a potion of haste
 H - 3 potions of magic
Books
 a - a book of Conjurations

   Spells                             Type                      Level
   a - Magic Dart                     Conjuration                  1
   b - Searing Ray                    Conjuration                  2
   c - Dazzling Spray                 Conjuration/Hexes            3
   d - Fulminant Prism                Conjuration/Hexes            4
   e - Force Lance                    Conjuration/Translocation    4
   f - Iskenderun's Mystic Blast      Conjuration                  4
 K - a book of Cantrips

   Spells                             Type                      Level
   a - Confusing Touch                Hexes                        1
   b - Animate Skeleton               Necromancy                   1
   c - Summon Small Mammal            Summoning                    1
   d - Apportation                    Translocation                1
Comestibles
 b - 8 bread rations
 B - a meat ration
 D - 3 fruits
 I - 4 royal jellies


   Skills:
 - Level 1.7 Dodging
 - Level 1.7 Stealth
 - Level 10.0 Spellcasting
 + Level 7.8 Conjurations
 - Level 6.0 Hexes
 + Level 5.7 Invocations


You had 12 spell levels left.
You knew the following spells:

 Your Spells              Type           Power        Failure   Level  Hunger
a - Magic Dart            Conj           ####         1%          1    None
b - Searing Ray           Conj           #####.       1%          2    None
c - Dazzling Spray        Conj/Hex       ####..       1%          3    None
d - Fulminant Prism       Conj/Hex       ####......   4%          4    ###....
e - Apportation           Tloc           #.....       8%          1    None
f - Poisonous Vapours     Pois/Air       #.....       12%         2    None
g - Olgreb's Toxic Radia  Pois           #.......     61%         4    ###....


Dungeon Overview and Level Annotations

Branches:
Dungeon (8/15)             Temple (0/1) D:5
   Lair: D:8-11

Altars:
Elyvilon
Kikubaaqudgha
Makhleb
Qazlal
Sif Muna
Trog
Zin


Innate Abilities, Weirdness & Mutations

You can walk through water.
Your dull iron-grey scales are very hard. (AC +12)
You cannot fit into any form of body armour.
You can survive without breathing.
You are cold-blooded and may be slowed by cold attacks.


Message History

Aim: a meliai, wielding a hand axe and wearing a runed ring mail (severely wounded, softly glowing)
The searing ray hits the meliai.
The meliai is severely wounded. (Press . to maintain the ray.)
You feel sick. The meliai hits you but does no damage. The meliai misses you.
The meliai invokes the aid of its god against you.
Something smites you!
* * * LOW HITPOINT WARNING * * *
The searing ray hits the meliai.
The meliai is almost dead.
You feel sick. The meliai hits you with a hand axe.
* * * LOW HITPOINT WARNING * * *
The meliai stings you but does no damage.
Unknown command.
The searing ray hits the meliai.
The meliai is almost dead.
You feel sick.
The meliai mumbles some strange prayers to its god against you.
Something smites you!
You die...

.###############
....T...@y......
..
######.########
#.# #.# #.. #.#
#.### #.#####
###...#
#.....#####.#.#[#
#####.......#...#
######..'.#.#
#[.#...###


You could see an iron troll shaped shifter and a meliai.

Vanquished Creatures
  A two-headed ogre (D:6)
  Pikel (D:5)
  Grinder (D:5)
  Eustachio (D:6)
  2 hungry ghosts
  Edmund (D:4)
  Menkaure (D:6)
  A water moccasin (D:8)
  Duvessa (D:7)
  A hornet zombie (D:8)
  An orc warrior (D:8)
  2 sky beasts
  2 phantoms
  7 ogres
  A centaur (D:6)
  3 bullfrogs
  A scorpion (D:8)
  A water moccasin skeleton (D:6)
  Dowan (D:7)
  A howler monkey (D:7)
  4 crimson imps
  A bullfrog zombie (D:6)
  A quasit (D:7)
  8 hounds
  A gnoll shaman (D:7)
  4 orc priests
  3 jellies
  Crazy Yiuf (D:3)
  Ijyb (D:4)
  An iguana (D:6)
  4 orc wizards
  5 worker ants
  A hound skeleton (D:8)
  14 adders
  5 gnolls (D:7)
  A shadow imp (D:8)
  An ooze (D:4)
  2 adder skeletons (D:4)
  3 worms
  4 leopard geckos
  15 orcs
  3 bats
  7 giant cockroaches
  A goblin (D:3)
  9 hobgoblins
  8 jackals
  4 quokkas
  A ball python skeleton (D:4)
  3 frilled lizards (D:4)
  5 kobolds
  A leopard gecko skeleton (D:6)
  A leopard gecko zombie (D:6)
  A quokka skeleton (D:8)
  7 rats
162 creatures vanquished.

Vanquished Creatures (others)
  A slave (D:5)
  An orc wizard (D:5)
  An orc (D:5)
  A goblin (D:2)
  A rat (D:2)
  16 fulminant prisms
21 creatures vanquished.

Grand Total: 183 creatures vanquished

Notes
Turn   | Place    | Note
-------+----------+-------------------------------------------
     0 | D:1      | Angani the Draconian Conjurer began the quest for the Orb.
     0 | D:1      | Reached XP level 1. HP: 14/14 MP: 3/3
   506 | D:1      | Reached XP level 2. HP: 20/20 MP: 0/5
   563 | D:1      | Learned a level 2 spell: Searing Ray
  1142 | D:2      | Reached XP level 3. HP: 26/26 MP: 5/7
  1254 | D:2      | Found a faded altar of an unknown god.
  1256 | D:2      | Became a worshipper of Zin the Law-Giver
  1256 | D:2      | Reached * piety under Zin
  1359 | D:2      | Reached ** piety under Zin
  1376 | D:2      | Reached skill level 3 in Spellcasting
  1433 | D:2      | Found a burning altar of Makhleb.
  1750 | D:2      | Found a white marble altar of Elyvilon.
  2292 | D:3      | Reached *** piety under Zin
  2393 | D:3      | Reached XP level 4. HP: 33/33 MP: 3/9
  2756 | D:3      | Reached skill level 4 in Spellcasting
  2805 | D:3      | Noticed an orc warrior
  3053 | D:3      | Found a runed door.
  3057 | D:3      | Noticed Crazy Yiuf
  3063 | D:3      | Killed Crazy Yiuf
  3063 | D:3      | Reached skill level 5 in Conjurations
  3063 | D:3      | Reached XP level 5. HP: 13/38 MP: 3/11
  3325 | D:3      | Found a deep blue altar of Sif Muna.
  3480 | D:4      | Noticed a phantom
  3515 | D:4      | Killed a phantom
  3675 | D:4      | Reached XP level 6. HP: 45/45 MP: 4/13
  3756 | D:4      | Learned a level 3 spell: Dazzling Spray
  3761 | D:4      | Learned a level 4 spell: Fulminant Prism
  3771 | D:4      | Reached skill level 5 in Spellcasting
  3949 | D:4      | Found an ancient bone altar of Kikubaaqudgha.
  4077 | D:4      | Reached skill level 1 in Hexes
  4164 | D:4      | Noticed Ijyb
  4181 | D:4      | Killed Ijyb
  4267 | D:4      | Reached **** piety under Zin
  4277 | D:4      | Noticed Edmund
  4693 | D:4      | Killed Edmund
  4693 | D:4      | Reached skill level 6 in Spellcasting
  4693 | D:4      | Your scales start taking on a dull iron-grey colour.
  4693 | D:4      | Reached XP level 7. HP: 37/50 MP: 2/16
  4693 | D:4      | Gained mutation: You can survive without breathing. [Grey Draconian growth]
  5058 | D:4      | Found a glowing silver altar of Zin.
  5139 | D:4      | Found a bloodstained altar of Trog.
  5255 | D:5      | Entered Level 5 of the Dungeon
  5379 | D:5      | Found a staircase to the Ecumenical Temple.
  5608 | D:5      | Reached skill level 7 in Spellcasting
  5736 | D:5      | Noticed Pikel
  5762 | D:5      | Killed Pikel
  5762 | D:5      | Reached skill level 8 in Spellcasting
  5762 | D:5      | Reached XP level 8. HP: 47/57 MP: 6/20
  5878 | D:5      | Noticed Grinder
  5885 | D:5      | Killed Grinder
  6265 | D:6      | Noticed a two-headed ogre
  6287 | D:6      | Killed a two-headed ogre
  6287 | D:6      | Reached skill level 9 in Spellcasting
  6287 | D:6      | Reached skill level 5 in Hexes
  6287 | D:6      | Reached XP level 9. HP: 55/62 MP: 8/22
  6290 | D:6      | Noticed Menkaure
  6399 | D:6      | Killed Menkaure
  6649 | D:6      | Reached ***** piety under Zin
  6726 | D:6      | Reached skill level 10 in Spellcasting
  7071 | D:6      | Reached skill level 1 in Invocations
  7132 | D:6      | Found a stormy altar of Qazlal.
  7282 | D:6      | Noticed Eustachio
  7320 | D:6      | Killed Eustachio
  7763 | D:7      | Learned a level 1 spell: Apportation
  7810 | D:7      | Learned a level 2 spell: Poisonous Vapours
  7815 | D:7      | Learned a level 4 spell: Olgreb's Toxic Radiance
  7955 | D:7      | Noticed Duvessa
  8228 | D:7      | Noticed Dowan
  8236 | D:7      | Killed Dowan
  8252 | D:7      | Killed Duvessa
  8721 | D:7      | Reached XP level 10. HP: 69/69 MP: 15/24
  9148 | D:8      | Reached skill level 5 in Invocations
  9304 | D:8      | Reached ****** piety under Zin
  9454 | D:8      | Paralysed by an orc for 4 turns
  9815 | D:8      | Noticed an iron troll
  9819 | D:8      | Killed from afar by a meliai

Vault maps used:
D:1:      sevenhm_arrival_forest_fort_large_2
D:2:      nicolae_overflow_hidden_temple, chequers_ecumenical_altar_twisty,
          serial_forest, infiniplex_forest_clump_curved,
          infiniplex_forest_lined_room_2, infiniplex_forest_clump_tiny,
          infiniplex_forest_clump_small, elyvilon_altar_4
D:3:      first_bread, lemuel_blue_sif_altar, uniq_crazy_yiuf_cottage
D:4:      kiku_gazebo_pond_becter, lightli_temple_of_fire, old_standard_altar,
          minmay_mini_jars, uniq_ijyb, uniq_edmund
D:5:      kennysheep_six_static_rooms, kennysheep_mini, temple_statues,
          serial_shops, shop, uniq_pikel, uniq_grinder
D:6:      hangedman_cross_stitches, kennysheep_mini_moat, uniq_menkaure,
          uniq_eustachio
D:7:      uniq_duvessa
D:8:      hangedman_minor_gate_pass

Skill      XL: |  1  2  3  4  5  6  7  8  9 10 |
---------------+-------------------------------+-----
Spellcasting   | 3 4 6 8 9 10 | 10.0
Conjurations   | 5 7 |  7.8
Hexes          | 2 4 5 6 |  6.0
Invocations    | 4 5 |  5.7
Dodging        | |  1.7
Stealth        | |  1.7

Action                   |  1- 3 |  4- 6 |  7- 9 | 10-12 || total
-------------------------+-------+-------+-------+-------++-------
Melee: Unarmed           |     5 |    16 |       |       ||    21
       Tailslap          |     1 |     3 |     8 |     2 ||    14
       Whip              |       |     1 |    70 |    25 ||    96
 Cast: Magic Dart        |    68 |    52 |   109 |    12 ||   241
       Searing Ray       |     6 |    19 |    47 |    22 ||    94
       Fulminant Prism   |       |     2 |    13 |     1 ||    16
       Poisonous Vapours |       |       |     5 |       ||     5
Invok: Recite            |       |     5 |     9 |     3 ||    17
Evoke: Wand              |       |    10 |       |       ||    10
  Use: Scroll            |       |       |     4 |     1 ||     5
 Stab: Invisible         |       |     3 |       |       ||     3
       Sleeping          |       |       |     1 |       ||     1
  Eat: Chunk             |     4 |     4 |    10 |     3 ||    21
       Bread ration      |       |     1 |       |       ||     1
       Fruit             |       |       |     4 |     2 ||     6
Armor: Skin              |     2 |    12 |    68 |    23 ||   105
Dodge: Dodged            |    14 |    49 |   201 |    69 ||   333
